 Dungeon Crawl Stone Soup version 0.22-a0-580-gd5db89c (webtiles) character file.

133 sking99 the Firebug (level 5, -3/49 HPs)
             Began as an Ogre Fire Elementalist on July 2, 2018.
             Was an Initiate of Qazlal.
             Killed from afar by an orc wizard (6 damage)
             ... with a magic dart
             ... on level 3 of the Dungeon.
             The game lasted 00:10:15 (3564 turns).

sking99 the Firebug (Ogre Fire Elementalist)        Turns: 3564, Time: 00:10:16

Health: -3/49      AC:  4    Str: 12    XL:     5   Next: 16%
Magic:  0/9        EV: 10    Int: 17    God:    Qazlal [......]
Gold:   173        SH:  0    Dex:  9    Spells: 3/10 levels left

rFire    . . .     SeeInvis .   k - +0 dagger
rCold    . . .     Gourm    .   (no shield)
rNeg     . . .     Faith    .   r - +1 robe {MR+}
rPois    .         Spirit   .   (helmet restricted)
rElec    .         Reflect  .   (no cloak)
rCorr    .         Harm     .   (gloves unavailable)
MR       +....                  (boots unavailable)
Stlth    +.........             (no amulet)
HPRegen  0.16/turn              (no ring)
MPRegen  0.11/turn              (no ring)

@: very slightly contaminated
A: large, unfitting armour, fangs 1, hooves 1, tough skin 1
a: Renounce Religion


You were on level 3 of the Dungeon.
You worshipped Qazlal.
Qazlal was noncommittal.
You were not hungry.

You visited 1 branch of the dungeon, and saw 3 of its levels.

You collected 173 gold pieces.

Inventory:

Hand Weapons
 k - a +0 dagger (weapon)
Missiles
 b - 6 javelins (quivered)
Armour
 a - a +0 robe
 r - a +1 robe of magic resistance (worn)
Scrolls
 e - a scroll of fear {unknown}
 f - 3 scrolls of magic mapping {unknown}
 h - a scroll of blinking {unknown}
 i - 2 scrolls of identify {unknown}
 j - 6 scrolls of teleportation {unknown}
 o - 2 scrolls of remove curse {unknown}
 s - a scroll of amnesia {unknown}
Potions
 d - 2 potions of haste
 g - a potion of mutation
 l - a potion of heal wounds {unknown}
 m - a potion of degeneration {unknown}
 n - a potion of resistance {unknown}
Comestibles
 c - 6 rations


   Skills:
 + Level 2.1 Fighting
 - Level 1.8 Dodging
 - Level 1.4 Stealth
 + Level 3.3 Spellcasting
 * Level 2.2 Conjurations
 + Level 0.7 Necromancy
 * Level 3.6 Fire Magic


You had 3 spell levels left.
You knew the following spells:

 Your Spells              Type           Power        Failure   Level  Hunger
a - Flame Tongue          Conj/Fire      ##...        4%          1    None
b - Throw Flame           Conj/Fire      ##....       8%          2    ##.....
d - Conjure Flame         Conj/Fire      ##......     16%         3    ###....
q - Animate Skeleton      Necr           N/A          12%         1    None

Your spell library contained the following spells:

 Spells                   Type           Power        Failure   Level  Hunger
 Fireball                 Conj/Fire      ##........   80%         5    ######.
 Apportation              Tloc           #.....       17%         1    None
 Summon Small Mammal      Summ           #...         17%         1    None
 Sticky Flame             Conj/Fire      ##......     45%         4    ####...
 Confusing Touch          Hex            #.....       17%         1    None
 Inner Flame              Hex/Fire       #.......     24%         3    ###....


Dungeon Overview and Level Annotations

Branches:
Dungeon (3/15)

Altars:
Kikubaaqudgha
Qazlal


Innate Abilities, Weirdness & Mutations

You are too large for most types of armour.
You have tough skin. (AC +1)
You have very sharp teeth.
You have large cloven feet.


Message History

Qazlal accepts your kill.
You have reached level 5!
The orc wizard gestures wildly while chanting.
The orc wizard blinks!
The orc wizard hits you but does no damage.
Your magical contamination has completely faded away.
The orc wizard gestures at you while chanting.
The magic dart hits you!
* * * LOW HITPOINT WARNING * * *
Casting: Flame Tongue (safe; 4% risk of failure)
Confirm with . or Enter, or press ? or * to list all spells.
Aiming: Flame Tongue (safe; 4% risk of failure)
Press: ? - help, Shift-Dir - straight line, f/p - orc wizard
Aim: an orc wizard, wielding a dagger and wearing a robe (moderately wounded, fast)
You miscast Flame Tongue.
You are very lightly contaminated with residual magic.
You have a brief vision of globes of primordial fire.
The orc wizard points at you and mumbles some strange words.
The magic dart hits you!
You die...

................(...#§§§§§§######
###....#########....#§§§§§8#_....
##.#.### #.#.##§§§§§§######
#......# #.### §§§§§§§§§§§#
#.##.#.# #.# §§§§§§§§§§§#
#.##.#.# #.# §§§§§§§§§§§#
#.##.#.# ####.### §§§§§§§§§§§#
#.##.#.# #.>.o..# ############
#..Z...# #.##@#.# ##.####
####.### #.#§# ##..(... ######.#
#.#)#######.)...## .......#
#....)..%......## ########
###.#########.## ...# #.# #####
#.# #.# #.#


You could see an orc wizard.

Vanquished Creatures
  An orc priest (D:3)
  5 adders
  An ooze (D:3)
  A worm (D:3)
  3 dart slugs
  2 leopard geckos
  2 orcs (D:3)
  3 giant cockroaches (D:1)
  5 goblins
  8 hobgoblins
  6 bats
  3 frilled lizards
  3 kobolds (D:1)
  6 rats
49 creatures vanquished.

Vanquished Creatures (collateral kills)
  A dart slug (D:3)
  A frilled lizard (D:3)
2 creatures vanquished.

Grand Total: 51 creatures vanquished

Notes
Turn   | Place    | Note
-------+----------+-------------------------------------------
     0 | D:1      | sking99 the Ogre Fire Elementalist began the quest for the Orb.
     0 | D:1      | Reached XP level 1. HP: 16/16 MP: 3/3
   259 | D:1      | Reached skill level 1 in Conjurations
   259 | D:1      | Reached XP level 2. HP: 24/24 MP: 3/5
  1182 | D:2      | Learned a level 2 spell: Throw Flame
  1224 | D:2      | Reached skill level 1 in Fighting
  1224 | D:2      | Reached XP level 3. HP: 33/33 MP: 2/7
  1300 | D:2      | Learned a level 1 spell: Animate Skeleton
  1304 | D:2      | Learned a level 3 spell: Conjure Flame
  1869 | D:2      | Reached XP level 4. HP: 41/41 MP: 4/8
  2139 | D:2      | Found an ancient bone altar of Kikubaaqudgha.
  2618 | D:3      | Gained mutation: You have large cloven feet. [potion of mutation]
  2618 | D:3      | Gained mutation: Armour fits poorly on your strangely shaped body. [potion of mutation]
  2618 | D:3      | Lost mutation: Armour fits poorly on your strangely shaped body. [potion of mutation]
  2618 | D:3      | Gained mutation: You have very sharp teeth. [potion of mutation]
  3447 | D:3      | Found a stormy altar of Qazlal.
  3481 | D:3      | Became a worshipper of Qazlal Stormbringer
  3548 | D:3      | HP: 1/42 [orc wizard/dagger (3)]
  3560 | D:3      | Reached XP level 5. HP: 5/49 MP: 0/9
  3564 | D:3      | Killed from afar by an orc wizard

Vault maps used:
D:1:      scummos_arrival_hexagon, minivault_4
D:2:      nicolae_overflow_hidden_temple
D:3:      nicolae_qazlal_eye_of_the_storm, first_ration

Skill      XL: |  1  2  3  4 |
---------------+-------------+-----
Conjurations   | 1 2 |  2.2
Fire Magic     | 3 |  3.6
Fighting       | 1 2 |  2.1
Spellcasting   | 3 |  3.3
Dodging        | |  1.8
Stealth        | |  1.4
Necromancy     | |  0.7

Action                   |  1- 3 |  4- 6 || total
-------------------------+-------+-------++-------
Melee: Unarmed           |     2 |       ||     2
       Dagger            |       |    92 ||    92
       Kick              |       |     4 ||     4
       Bite              |       |     2 ||     2
Throw: Javelin           |     1 |       ||     1
 Cast: Flame Tongue      |    50 |    27 ||    77
       Throw Flame       |     9 |     8 ||    17
       Animate Skeleton  |       |     6 ||     6
  Use: Potion            |       |     4 ||     4
  Eat: Chunk             |     3 |     6 ||     9
Armor: Robe              |     4 |    26 ||    30
Dodge: Dodged            |     6 |    42 ||    48

Table legend:
 A = Spawn XP
 B = Non-spawn XP
 C = Spawn XP percentage of total XP
 D = Spawn monster count
 E = Non-spawn monster count
 F = Spawn count percentage of total count
 G = Total turns spent on level
                    A         B        C        D         E        F      G
               +---------+---------+-------+---------+---------+-------+---------
         Total |       0 |     191 |   0.0 |       0 |      51 |   0.0 |  3564
               +---------+---------+-------+---------+---------+-------+---------
           D:1 |       0 |      29 |   0.0 |       0 |      17 |   0.0 |  1176
           D:2 |       0 |      71 |   0.0 |       0 |      19 |   0.0 |  1352
           D:3 |       0 |      91 |   0.0 |       0 |      15 |   0.0 |  1036
               +---------+---------+-------+---------+---------+-------+---------
